 Dungeon Crawl Stone Soup version 0.26-a0-651-gb41185065b (webtiles) character file.

Game seed: 1192913833635852129

56392 Ozzies the Fighter (level 14, -7/153 HPs)
             Began as a Troll Monk on Oct 3, 2020.
             Was the Champion of Ru.
             Shot with a bolt by a yaktaur captain (34 damage)
             ... on level 13 of the Dungeon.
             The game lasted 00:48:47 (21504 turns).

Ozzies the Fighter (Troll Monk)                    Turns: 21504, Time: 00:48:47

Health: -7/153     AC: 11    Str: 25    XL:     14   Next: 41%
Magic:  6/13       EV: 15    Int:  6    God:    Ru [******]
Gold:   1684       SH:  0    Dex: 16    Spells: 13/13 levels left

rFire    . . .     SeeInvis +     - Unarmed
rCold    . . .     Faith    .   (no shield)
rNeg     . . .     Spirit   .   U - +2 robe {MR+}
rPois    +         Reflect  .   m - +0 hat
rElec    .         Harm     .   s - +0 cloak
rCorr    .         Rampage  .   (gloves unavailable)
MR       ++...                  (boots unavailable)
Stlth    ..........             u - amulet of regeneration
HPRegen  1.15/turn              k - +4 ring of slaying
MPRegen  0.13/turn              H - ring "Vateum" {Str+2 Dex+3 SInv}

@: exhausted, drained
A: large, unfitting armour, claws 3, yellow scales 1, clumsy 1, poison
resistance, regeneration 1, shaggy fur 1, tough skin 3, no stealth, cowardly,
inability to train armour, inexperienced 1
a: Draw Out Power, Power Leap, Apocalypse, Renounce Religion


You were on level 13 of the Dungeon.
You worshipped Ru.
Ru was exalted by your worship.
You visited 3 branches of the dungeon, and saw 20 of its levels.
You also visited: Sewer and Ossuary.

You collected 1684 gold pieces.

Inventory:

Missiles
 r - a throwing net
 v - 20 large rocks (quivered)
 Y - 3 curare-tipped darts
Armour
 a - the +0 robe "Qeinki" {rPois rF- Str+4 Slay+5}
   (You found it on level 3 of the Lair of Beasts)

   It affects your strength (+4).
   It affects your accuracy and damage with ranged weapons and melee attacks
   (+5).
   It makes you vulnerable to fire.
   It protects you from poison.
 m - a +0 hat (worn)
 s - a +0 cloak (worn)
 E - +1 steam dragon scales
 U - a +2 robe of magic resistance (worn)
 V - a +1 robe of cold resistance
Jewellery
 k - a +4 ring of slaying (left claw)
 u - an amulet of regeneration (around neck)
 y - an uncursed ring of protection from fire
 H - the ring "Vateum" (right claw) {Str+2 Dex+3 SInv}
   (You found it on level 10 of the Dungeon)

   [ring of see invisible]

   It affects your strength (+2).
   It affects your dexterity (+3).
   It lets you see invisible.
 N - an uncursed ring of see invisible
 O - an uncursed ring of positive energy
 T - an uncursed ring of ice
 W - a +6 ring of dexterity
Wands
 d - a wand of polymorph (15)
 B - a wand of enslavement (7)
 C - a wand of disintegration (28)
 D - a wand of iceblast (32)
 P - a wand of acid (8)
 Q - a wand of flame (37)
 R - a wand of random effects (12)
 X - a wand of digging (5)
Scrolls
 b - 11 scrolls of teleportation
 c - 12 scrolls of remove curse
 e - 4 scrolls of fear
 h - 7 scrolls of magic mapping
 j - a scroll of blinking
 n - 6 scrolls of amnesia
 o - 3 scrolls of immolation
 q - 5 scrolls of enchant armour
 F - 5 scrolls of identify
 G - 5 scrolls of enchant weapon
 L - 4 scrolls of fog
 M - 3 scrolls of vulnerability
 S - 2 scrolls of torment
Potions
 f - 3 potions of heal wounds
 g - 8 potions of flight
 i - 4 potions of haste
 l - 4 potions of magic
 p - 9 potions of curing
 t - 6 potions of might
 w - 3 potions of stabbing
 x - 6 potions of brilliance
 z - a potion of resistance
 A - 4 potions of lignification
 I - 2 potions of cancellation
 J - 5 potions of ambrosia
 K - 3 potions of mutation


   Skills:
 + Level 13.5(12.0) Fighting
 - Level 9.0(7.7) Throwing
   Level 0.0 Armour
 - Level 10.0(8.6) Dodging
 + Level 12.8(11.4) Unarmed Combat


You had 13 spell levels left.
You didn't know any spells.
Your spell library contained the following spells:

 Spells                   Type           Power        Failure   Level
 Apportation              Tloc           #.....       45%         1
 Foxfire                  Conj/Fire      #...         45%         1
 Blink                    Tloc           N/A          58%         2
 Conjure Flame            Conj/Fire      #.......     83%         3
 Gell's Gravitas          Tloc           #.........   83%         3
 Inner Flame              Hex/Fire       #.......     83%         3
 Lesser Beckoning         Tloc           #.........   83%         3
 Teleport Other           Tloc           #.......     83%         3
 Tukima's Dance           Hex            #.......     83%         3
 Passage of Golubria      Tloc           N/A          99%         4
 Sticky Flame             Conj/Fire      #.......     99%         4
 Alistair's Intoxication  Tmut/Pois      #........    100%        5
 Bolt of Magma            Conj/Fire/Erth #.........   100%        5
 Fireball                 Conj/Fire      #.........   100%        5
 Iskenderun's Battlesphe  Conj           #.......     100%        5
 Invisibility             Hex            #.......     100%        6
 Iron Shot                Conj/Erth      #.........   100%        6
 Orb of Destruction       Conj           #.........   100%        7
 Spellforged Servitor     Conj/Summ      #.........   100%        7


Dungeon Overview and Level Annotations

Branches:
Dungeon (13/15)            Temple (1/1) D:4            Lair (6/6) D:8
 Shoals (0/4) Lair:3       Spider (0/4) Lair:3        Slime (0/5) Lair:5
    Orc (0/2) D:11         Vaults (0/5) D:13          Sewer (visited)
Ossuary (visited)

Altars:
Ashenzari
Dithmenos
Elyvilon
Fedhas
Gozag
Hepliaklqana
Kikubaaqudgha
Makhleb
Okawaru
Qazlal
Ru
Sif Muna
Trog
Uskayaw
Vehumet
Wu Jian
Xom
Yredelemnul
Zin
The Shining One
Jiyva

Shops:
D:4 }   D:9 *

Annotations:
D:10 exclusion: downstairs
D:11 exclusion: upstairs
D:13 1 runed translucent door
Lair:3 2 transporters


Innate Abilities, Weirdness & Mutations

You are too large for most types of armour.
You have claws for hands.
You are clumsy. (Dex -2)
Your natural rate of healing is unusually fast.
You are covered in fur. (AC +1)
You have extremely tough skin. (AC +3)
You cannot be stealthy.
Your cowardice makes you less effective in combat with threatening monsters.
You cannot train Armour skill.
You are somewhat inexperienced. (-2 XL)
You are partially covered in yellow scales. (AC +2)
Your system is resistant to poisons. (rPois)


Message History

You destroy jt's ghost!
You destroy the vampire!
You kill the basilisk!
The sphinx slows down under the weight of truth!
You feel drained.
The sphinx casts a spell.
The sphinx is healed somewhat.
You're too exhausted to power leap.
The yaktaur captain shoots a bolt.
The bolt misses you.
You see here a bolt.
You reel with horror at the sight of these foes!
The yaktaur captain shoots a bolt.
The bolt closely misses you.
There is an open door here.
Monsters!
Monsters everywhere!
You have to get out of here!
As you close the door, it creaks loudly!
There is an open door here.
Something unseen opens the door.
You close the door.
A yaktaur captain opens the door.
There is a stone staircase leading up here.
The yaktaur captain shoots a bolt.
The bolt hits you!!
You die...

#####..# ..(.#..# ...)#..#
.⌠..#..# ....#..# ##########
)†..#..####### #........#
'†'##........# #........# ###
.††.#........#######........###..
....#........'..@..'........##..#
.⌠..#.......c#######........'..##
...(#.#####'## #........####
..((#.# #..# #........# #####.#
#.## ######'### ......# #.#
#......# ####### #c# ##.######
.#########H# ###......#
....#....L'######........#


You could see a yaktaur captain.

Vanquished Creatures
  The ghost of jt the Warrior, a journeyman HOWn of Trog (D:13)
  Fannar (Lair:3)
  4 hydras
  3 vault guards (D:13)
  7 catoblepae
  2 two-headed ogres
  5 death yaks (Lair:6)
  Urug (Lair:5)
  Sonja (Lair:6)
  2 unseen horrors
  2 wizards (D:13)
  Pikel (D:5)
  A necromancer (D:13)
  A deep elf mage (D:13)
  2 ugly things
  3 cyclopes (D:12)
  The ghost of imnewhereh the Basher, a novice GrFi of Makhleb (D:7)
  3 manticores
  A black mamba (Lair:1)
  4 elephants (Lair:6)
  A gargoyle (D:12)
  A centaur skeleton (D:13)
  5 rime drakes (Lair:4)
  11 cane toads
  An efreet (D:13)
  5 komodo dragons
  3 trolls
  A polar bear (Lair:6)
  A hornet (D:8)
  Prince Ribbit (D:5)
  4 dream sheep (Lair:5)
  14 hippogriffs
  10 slime creatures
  10 blink frogs
  2 vampires
  14 wyverns
  A redback (Lair:3)
  A wraith (D:13)
  19 humans (D:13)
  10 basilisks
  46 yaks
  A steam dragon (D:8)
  Menkaure (Ossuary)
  Edmund (D:5)
  4 wargs (D:11)
  A hell hound (Lair:4)
  11 water moccasins
  6 orc warriors
  12 porcupines
  2 ice beasts
  4 sky beasts
  2 black bears
  2 necrophages
  4 phantoms
  5 wolves (Lair:2)
  8 ogres
  12 centaurs
  12 crocodiles
  3 big kobolds
  A lemure (D:5)
  12 bullfrogs
  A wyvern skeleton (D:10)
  40 killer bees
  A scorpion (D:12)
  5 electric eels
  A howler monkey (D:5)
  A bullfrog zombie (D:9)
  A centaur zombie (D:6)
  A quasit (D:10)
  A gnoll shaman (D:10)
  10 orc priests
  5 bullfrog skeletons
  10 hounds
  3 jellies
  Crazy Yiuf (D:3)
  6 iguanas
  17 orc wizards
  13 worker ants
  10 hell rats (Lair:2)
  A hound zombie (D:7)
  3 mummies (Ossuary)
  12 adders
  5 gnolls (D:10)
  12 river rats (Lair:2)
  3 shadow imps
  4 white imps
  3 oozes
  An adder skeleton (D:5)
  4 worms (Sewer)
  9 leopard geckos
  50 orcs
  2 ball pythons
  6 giant cockroaches
  2 gnoll zombies (Ossuary)
  6 goblins
  7 hobgoblins
  17 jackals
  14 kobolds
  12 quokkas
  A ball python skeleton (D:4)
  18 bats
  7 frilled lizards
  3 gnoll skeletons (Ossuary)
  4 goblin skeletons (Ossuary)
  5 goblin zombies (Ossuary)
  5 hobgoblin skeletons (Ossuary)
  5 hobgoblin zombies (Ossuary)
  4 kobold skeletons (Ossuary)
  3 kobold zombies (Ossuary)
  5 orc skeletons (Ossuary)
  6 orc zombies (Ossuary)
  17 rats
  4 rat skeletons (Ossuary)
  4 rat zombies (Ossuary)
702 creatures vanquished.

Vanquished Creatures (others)
  A blink frog (Lair:2)
  An orc wizard (D:10)
  A leopard gecko (D:9)
  An orc (D:12)
  23 fungi
  56 plants
83 creatures vanquished.

Grand Total: 785 creatures vanquished

Notes
Turn   | Place    | Note
-------+----------+-------------------------------------------
     0 | D:1      | Ozzies the Troll Monk began the quest for the Orb.
     0 | D:1      | Reached XP level 1. HP: 22/22 MP: 0/0
   210 | D:1      | Reached XP level 2. HP: 29/29 MP: 1/1
   225 | D:1      | Reached skill level 3 in Fighting
   711 | D:1      | Reached XP level 3. HP: 36/37 MP: 2/2
   949 | D:2      | Reached skill level 4 in Fighting
   958 | D:2      | Reached XP level 4. HP: 45/48 MP: 3/3
  1011 | D:2      | Found a burning altar of Makhleb.
  1228 | D:2      | Found a glowing golden altar of the Shining One.
  1342 | D:3      | Found a glowing drain.
  1377 | Sewer    | Entered a sewer
  2296 | D:3      | Reached XP level 5. HP: 55/55 MP: 4/4
  2414 | D:3      | Gained mutation: You are frail. (-10% HP) [potion of
                  | mutation]
  2414 | D:3      | Gained mutation: You are partially covered in molten
                  | scales. (AC +2) [potion of mutation]
  2414 | D:3      | Gained mutation: You evolve. [potion of mutation]
  2414 | D:3      | Gained mutation: Your flesh is heat resistant. (rF+)
                  | [potion of mutation]
  2458 | D:3      | Found a shimmering altar of Xom.
  2516 | D:3      | Found a runed translucent door.
  2517 | D:3      | Noticed Crazy Yiuf
  2780 | D:3      | Found a faded altar of an unknown god.
  3013 | D:3      | Killed Crazy Yiuf
  3013 | D:3      | Reached skill level 5 in Fighting
  3077 | D:4      | Found a staircase to the Ecumenical Temple.
  3089 | Temple   | Entered the Ecumenical Temple
  3115 | Temple   | Became a worshipper of Ru the Awakened
  3136 | D:4      | Gained mutation: You are clumsy. (Dex -2) [Ru sacrifice]
  3196 | D:4      | Found a glowing silver altar of Zin.
  3301 | D:4      | Noticed an ogre
  3314 | D:4      | Killed an ogre
  3314 | D:4      | Reached XP level 6. HP: 30/60 MP: 5/5
  3416 | D:4      | Reached skill level 6 in Fighting
  3670 | D:4      | Reached XP level 7. HP: 68/68 MP: 6/6
  3730 | D:4      | Reached skill level 7 in Fighting
  3783 | D:4      | Found Ovug's Gadget Shop.
  4033 | D:5      | Entered Level 5 of the Dungeon
  4088 | D:5      | Reached skill level 1 in Throwing
  4343 | D:5      | Noticed Prince Ribbit
  4345 | D:5      | Found a hide-covered altar of Uskayaw.
  4349 | D:5      | Killed Prince Ribbit
  4349 | D:5      | Reached XP level 8. HP: 58/78 MP: 7/7
  4474 | D:5      | Noticed Edmund
  4491 | D:5      | Killed Edmund
  4513 | D:5      | Noticed Pikel
  4526 | D:5      | Killed Pikel
  4526 | D:5      | Reached skill level 8 in Fighting
  4637 | D:5      | Reached XP level 9. HP: 86/87 MP: 8/8
  5039 | D:6      | Gained mutation: You cannot be stealthy. [Ru sacrifice]
  5039 | D:6      | Reached * piety under Ru
  5348 | D:6      | Found a blossoming altar of Fedhas.
  5576 | D:6      | Gained mutation: You are very frail. (-20% HP) [evolution]
  5722 | D:7      | Reached skill level 9 in Fighting
  5893 | D:7      | Found a transporter.
  5893 | D:7      | Found a transporter.
  5906 | D:7      | Found a sand-covered staircase.
  5912 | Ossuary  | Entered an ossuary
  6198 | Ossuary  | Noticed Menkaure
  6202 | Ossuary  | Killed Menkaure
  6278 | Ossuary  | Lost mutation: You are very frail. (-20% HP) [potion of
                  | mutation]
  6278 | Ossuary  | Lost mutation: Your flesh is heat resistant. (rF+) [potion
                  | of mutation]
  6278 | Ossuary  | Gained mutation: Your system is resistant to poisons.
                  | (rPois) [potion of mutation]
  6279 | Ossuary  | Lost mutation: You are frail. (-10% HP) [potion of
                  | mutation]
  6279 | Ossuary  | Lost mutation: You are partially covered in molten scales.
                  | (AC +2) [potion of mutation]
  6279 | Ossuary  | Lost mutation: You evolve. [potion of mutation]
  6279 | Ossuary  | Gained mutation: Your muscles are strong. (Str +2) [potion
                  | of mutation]
  6279 | Ossuary  | Lost mutation: Your muscles are strong. (Str +2) [potion of
                  | mutation]
  6279 | Ossuary  | Gained mutation: You are partially covered in yellow
                  | scales. (AC +2) [potion of mutation]
  6424 | D:7      | Noticed imnewhereh's ghost (novice GrFi)
  6478 | D:7      | Got a buzzing morningstar
  6478 | D:7      | Identified the +7 morningstar of Springtime {venom, +Blink}
                  | (You found it on level 7 of the Dungeon)
  6598 | D:7      | Reached skill level 10 in Fighting
  6710 | D:7      | Reached skill level 1 in Armour
  7055 | D:6      | Found a stormy altar of Qazlal.
  7374 | D:8      | Reached XP level 10. HP: 101/110 MP: 9/9
  7392 | D:8      | Gained mutation: Your cowardice makes you less effective in
                  | combat with threatening monsters. [Ru sacrifice]
  7392 | D:8      | Reached ** piety under Ru
  7799 | D:8      | Found an iron altar of Okawaru.
  7799 | D:8      | Found a hazy altar of Hepliaklqana.
  8151 | D:8      | Found a staircase to the Lair.
  8482 | D:9      | Found a white marble altar of Elyvilon.
  8581 | D:9      | Noticed a two-headed ogre
  8648 | D:8      | Reached skill level 5 in Dodging
  8720 | D:9      | Killed a two-headed ogre
  8817 | D:9      | Found Otuonnos's Elemental Accessories.
  9089 | D:10     | Entered Level 10 of the Dungeon
  9258 | D:10     | Reached XP level 11. HP: 119/119 MP: 10/10
  9354 | D:10     | Got a transparent iron ring
  9355 | D:10     | Identified the ring "Vateum" {Str+2 Dex+3 SInv} (You found
                  | it on level 10 of the Dungeon)
  9613 | D:10     | Noticed a two-headed ogre
  9632 | D:10     | Killed a two-headed ogre
  9632 | D:10     | Reached skill level 5 in Throwing
 10049 | D:7      | Killed imnewhereh's ghost
 10226 | D:9      | Gained mutation: You are somewhat inexperienced. (-2 XL)
                  | [Ru sacrifice]
 10226 | D:9      | Reached XP level 10. HP: 111/111 MP: 9/9
 10226 | D:9      | Reached XP level 9. HP: 102/102 MP: 8/8
 10226 | D:9      | Reached *** piety under Ru
 10226 | D:9      | Reached **** piety under Ru
 10226 | D:9      | Reached ***** piety under Ru
 10860 | D:11     | Found a staircase to the Orcish Mines.
 10866 | D:11     | Reached skill level 11 in Fighting
 10957 | D:11     | Reached XP level 10. HP: 96/112 MP: 9/9
 11188 | D:11     | Noticed a five-headed hydra
 11475 | D:12     | Noticed a cyclops
 11494 | D:12     | Killed a cyclops
 11545 | D:12     | Noticed a seven-headed hydra
 11550 | D:12     | Killed a seven-headed hydra
 11558 | D:12     | Noticed a green ugly thing
 11564 | D:12     | Killed a green ugly thing
 11616 | D:12     | Noticed a cyclops
 11624 | D:12     | Killed a cyclops
 11715 | D:12     | Noticed a cyclops
 12017 | D:12     | Noticed a gargoyle
 12024 | D:12     | Killed a gargoyle
 12116 | D:12     | Reached XP level 11. HP: 113/120 MP: 10/10
 12414 | D:12     | Noticed an unseen horror
 12423 | D:12     | Killed an unseen horror
 12974 | D:13     | Noticed a deep elf mage
 12989 | D:13     | Killed a deep elf mage
 13023 | D:13     | Noticed a skeletal warrior
 13027 | D:13     | Noticed jt's ghost (journeyman HOWn)
 13028 | D:13     | Noticed a lich
 13029 | D:13     | Noticed a yaktaur captain
 13047 | D:13     | Noticed a red ugly thing
 13062 | D:13     | Killed a red ugly thing
 13140 | D:13     | Noticed a necromancer
 13161 | D:13     | Found a runed translucent door.
 13161 | D:13     | Noticed a skeletal warrior
 13162 | D:13     | Noticed a skeletal warrior
 13368 | D:13     | Noticed a sphinx
 13373 | D:13     | Found a runed translucent door.
 13378 | D:13     | Noticed an unseen horror
 13403 | D:13     | Killed an unseen horror
 13403 | D:13     | Reached skill level 5 in Armour
 13521 | D:13     | Reached XP level 12. HP: 90/131 MP: 11/11
 13530 | D:13     | Reached skill level 10 in Unarmed Combat
 13637 | D:13     | Found a gate to the Vaults.
 13637 | D:13     | Noticed a vault guard
 13637 | D:13     | Noticed a vault guard
 13637 | D:13     | Noticed a vault guard
 13641 | D:13     | Killed a vault guard
 13659 | D:13     | Killed a vault guard
 13676 | D:13     | Killed a vault guard
 14012 | Lair:1   | Entered Level 1 of the Lair of Beasts
 14164 | Lair:1   | Reached skill level 12 in Fighting
 15381 | Lair:2   | Noticed a catoblepas
 15388 | Lair:2   | Killed a catoblepas
 16053 | Lair:3   | Reached XP level 13. HP: 89/140 MP: 12/12
 16141 | Lair:3   | Found a transporter.
 16146 | Lair:3   | Found a staircase to the Shoals.
 16286 | Lair:3   | Found a transporter.
 16446 | Lair:3   | Found a hole to the Spider Nest.
 16779 | Lair:3   | Noticed Fannar
 16786 | Lair:3   | Killed Fannar
 16865 | Lair:3   | Gained mutation: You cannot train Armour skill. [Ru
                  | sacrifice]
 16865 | Lair:3   | Reached ****** piety under Ru
 18832 | Lair:5   | Found a viscous altar of Jiyva.
 18832 | Lair:5   | Found a staircase to the Slime Pits.
 19285 | Lair:5   | Noticed Urug
 19303 | Lair:5   | Killed Urug
 19722 | Lair:6   | Entered Level 6 of the Lair of Beasts
 19722 | Lair:6   | Noticed Sonja
 19792 | Lair:6   | Killed Sonja
 19918 | Lair:6   | Reached XP level 14. HP: 150/150 MP: 13/13
 19953 | Lair:6   | Reached skill level 13 in Fighting
 19978 | Lair:6   | Reached skill level 10 in Dodging
 21109 | Lair:3   | Got a crude robe
 21119 | Lair:3   | Identified the +0 robe "Qeinki" {rPois rF- Str+4 Slay+5}
                  | (You found it on level 3 of the Lair of Beasts)
 21486 | D:13     | HP: 4/153 [jt's ghost (35)]
 21490 | D:13     | Killed jt's ghost
 21504 | D:13     | Shot with a bolt by a yaktaur captain

Illustrated notes

Levels and vault maps discovered:
D:1:      minmay_arrival_doors, layout_basic
D:2:      layout_basic, tso_metal_star, nicolae_overflow_hidden_temple
D:3:      layout_loops_ring, nicolae_overflow_crystal_walls,
          chequers_ecumenical_altar_twisty, cheibrodos_sewer_entry_sluice,
          uniq_crazy_yiuf_cottage
D:4:      layout_loops_corners, zin_treasury, minmay_temple_entry_grid,
          serial_shops, kennysheep_mini
D:5:      layout_basic, lemuel_round_altar, uniq_edmund, uniq_prince_ribbit1,
          uniq_pikel
D:6:      layout_basic, lemuel_doored_altar, nicolae_zen_rock_garden,
          fedhas_altar_2
D:7:      layout_basic, enter_ossuary_2, gammafunk_ghost_hive, eino_jars
D:8:      layout_gridville, gammafunk_temple_overflow_elements,
          erik_lair_dragon, kennysheep_generic_room_3
D:9:      layout_cave_pools, nicolae_elemental_shop, minivault_19,
          elyvilon_altar_4
D:10:     minmay_ornate_pinched, layout_long_grid, columned_hall_lemuel
D:11:     layout_basic, minmay_orc_entry_guard_dogs
D:12:     layout_gridville
D:13:     layout_roguey, grunt_vaults_entry_tiered, muffindrake_ghost_dual_entry
Temple:   nicolae_temple_great_sept
Lair:1:   layout_cave_pods, beast_lair_carwin_4
Lair:2:   lemuel_ratsnest, layout_loops_ring, special_room, lemuel_fruit_tree
Lair:3:   gammafunk_cloud_chamber, layout_regular_city, shoals_dummy_entry,
          spider_nest_entry_webs, hangedman_lair_unloving_vines,
          disabler_island, serial_bayou_shore_a, uniq_fannar
Lair:4:   layout_roguey, special_room [special_room_mythical_zoo],
          serial_bayou_shore_b
Lair:5:   statuecave_lemuel, layout_long_grid, dpeg_slime_entry_enclosed_altar,
          st_stairs_10, uniq_urug
Lair:6:   evilmike_catoblepas_cave, layout_hall_layers, uniq_sonja

Skill      XL: |  1  2  3  4  5  6  7  8  9 10 11 12 13 14 |
---------------+-------------------------------------------+-----
Fighting       | 3 4 5 6 7 8 11 12 13 | 13.5
Throwing       | 2 6 7 9 |  9.0
Dodging        | 3 4 7 6 8 9 10 | 10.0
Unarmed Combat | 4 6 9 8 10 11 12 | 12.8
Stealth        | 0 |  0.0
Armour         | 1 3 5 6 0 |  0.0

Action                   |  1- 3 |  4- 6 |  7- 9 | 10-12 | 13-15 || total
-------------------------+-------+-------+-------+-------+-------++-------
Melee: Unarmed           |   110 |   223 |   422 |   925 |   479 ||  2159
       Punch             |     2 |     4 |    18 |    50 |    38 ||   112
Throw: Large rock        |       |       |     2 |    13 |    15 ||    30
Invok: Sacrifice Purity  |       |     1 |       |       |       ||     1
       Power Leap        |       |       |     1 |     4 |     3 ||     8
       Sacrifice Stealth |       |       |     1 |       |       ||     1
       Sacrifice Experie |       |       |     1 |       |       ||     1
       Sacrifice Courage |       |       |       |     1 |       ||     1
       Reject Sacrifices |       |       |       |     1 |       ||     1
       Apocalypse        |       |       |       |     1 |     4 ||     5
       Sacrifice Durabil |       |       |       |       |     1 ||     1
  Use: Potion            |       |     3 |     2 |     4 |     1 ||    10
       Scroll            |       |     4 |     7 |    20 |     4 ||    35
 Stab: Sleeping          |     1 |     6 |       |       |       ||     7
       Distracted        |       |       |     1 |     3 |     1 ||     5
       Paralysed         |       |       |     1 |       |     6 ||     7
       Invisible         |       |       |       |     6 |     5 ||    11
       Petrified         |       |       |       |       |    12 ||    12
Armor: Robe              |    87 |    85 |   125 |    16 |    52 ||   365
       Steam dragon scal |       |       |    24 |   469 |   118 ||   611
Dodge: Dodged            |   109 |   143 |   230 |   852 |   293 ||  1627

Table legend: (Time is in decaauts)
 A = Elapsed time spent in this place.
 B = Non-inter-level travel time spent in this place.
 C = Inter-level travel time spent in this place.
 D = Time resting spent in this place.
 E = Time spent auto-exploring this place.
 F = Levels seen in this place.
 G = Mean time per level.
                   A        B        C        D        E       F      G
               +--------+--------+--------+--------+--------+-----+--------+
         Total |  21430 |  19380 |   2050 |    666 |  14146 |  22 |  974.1 |
       Dungeon |  13145 |  11657 |   1488 |    297 |   8610 |  13 | 1011.2 |
        Temple |     41 |     30 |     11 |      0 |      1 |   1 |   41.0 |
          Lair |   6835 |   6284 |    551 |    169 |   4863 |   6 | 1139.2 |
         Sewer |   1029 |   1029 |      0 |    200 |    469 |   1 | 1029.0 |
       Ossuary |    378 |    378 |      0 |      0 |    202 |   1 |  378.0 |
               +--------+--------+--------+--------+--------+-----+--------+

Top non-repeatable levels by time:
    D:12: 1525 daAuts
     D:8: 1465 daAuts
  Lair:3: 1370 daAuts
    D:10: 1331 daAuts
  Lair:6: 1288 daAuts
  Lair:4: 1168 daAuts
    D:13: 1118 daAuts
     D:6: 1100 daAuts
  Lair:1: 1079 daAuts
     D:7: 1042 daAuts
   Sewer: 1029 daAuts
  Lair:2: 1024 daAuts
     D:5: 930 daAuts
  Lair:5: 903 daAuts
     D:3: 902 daAuts
